 Dungeon Crawl Stone Soup version 0.22-a0-458-gb446440d2e (webtiles) character file.

6734 HANFGEIST the Transmogrifier (level 11, -1/105 HPs)
             Began as an Octopode Transmuter on June 8, 2018.
             Was a Believer of Ashenzari.
             Slain by a killer bee (2 damage)
             ... on level 10 of the Dungeon.
             The game lasted 00:25:41 (12152 turns).

HANFGEIST the Transmogrifier (Octopode Transmuter) Turns: 12152, Time: 00:25:41

Health: -1/105     AC:  1    Str: 17    XL:     11   Next: 4%
Magic:  11/17      EV: 18    Int: 17    God:    Ashenzari [**....]
Gold:   571        SH:  0    Dex: 14    Spells: 8/19 levels left

rFire    . . .     SeeInvis .     - Unarmed
rCold    . . .     Gourm    .   (shield currently unavailable)
rNeg     . . .     Faith    .   (helmet restricted)
rPois    .         Spirit   .   o - amulet of the acrobat (curse)
rElec    .         Reflect  .   w - +2 ring of strength (curse)
rCorr    .         Harm     .   (no ring)
MR       .....                  (no ring)
Stlth    ..........             (no ring)
HPRegen  0.27/turn              (no ring)
MPRegen  0.15/turn              (no ring)
                                (no ring)
                                (no ring)

@: berserking, lethally poisoned (-1 -> -10), blade tentacles, very quick
A: almost no armour, stealthy swim, amphibious, 8 rings, constrict 8, camouflage
1, gelatinous body 1
a: End Transformation, Curse Item, Scrying, Renounce Religion


You were on level 10 of the Dungeon.
You worshipped Ashenzari.
Ashenzari was pleased with you.
You were not hungry.
You had blades for tentacles.
You visited 2 branches of the dungeon, and saw 12 of its levels.

You collected 571 gold pieces.

Inventory:

Missiles
 a - 79 arrows
 E - 2 throwing nets (quivered)
Jewellery
 o - a cursed amulet of the acrobat (around mantle)
 w - a cursed +2 ring of strength (left scythe-like blade)
Wands
 m - a wand of polymorph (13)
 q - a wand of digging (4)
 u - a wand of disintegration (19)
 A - a wand of paralysis (11)
 D - a wand of flame (16)
 L - a wand of random effects (28)
Scrolls
 b - a scroll of random uselessness {unknown}
 d - a scroll of enchant weapon {unknown}
 e - a scroll of noise {unknown}
 f - 4 scrolls of remove curse
 g - 2 scrolls of summoning {unknown}
 h - 3 scrolls of amnesia {unknown}
 i - 3 scrolls of teleportation {unknown}
 j - 6 scrolls of enchant armour {unknown}
 k - 5 scrolls of fog {unknown}
 l - 14 scrolls of identify {unknown}
 n - 3 scrolls of fear {unknown}
 y - 3 scrolls of blinking {unknown}
 F - a scroll of brand weapon {unknown}
 H - 2 scrolls of immolation {unknown}
 I - a scroll of acquirement {unknown}
Potions
 p - a potion of invisibility {unknown}
 r - a potion of magic {unknown}
 s - a potion of degeneration {unknown}
 t - a potion of brilliance {unknown}
 v - a potion of heal wounds {unknown}
 x - a potion of mutation {unknown}
 z - a potion of curing
 B - a potion of resistance
 C - 5 potions of haste
 G - a potion of cancellation
 J - 2 potions of lignification {unknown}
Miscellaneous
 M - a lamp of fire
Comestibles
 c - 26 rations


   Skills:
 * Level 4.9 Fighting
 * Level 7.6 Dodging
 - Level 2.1 Stealth
 - Level 7.0 Unarmed Combat
 - Level 4.6 Spellcasting
 + Level 10.2 Transmutations
 - Level 5.6 Poison Magic
 + Level 1.6 Evocations


You had 8 spell levels left.
You knew the following spells:

 Your Spells              Type           Power        Failure   Level  Hunger
a - Beastly Appendage     Tmut           #####.       9%          1    None
b - Sticks to Snakes      Tmut           #####...     10%         2    ##.....
c - Spider Form           Tmut/Pois      ####......   19%         3    ###....
d - Blade Hands           Tmut           #####.....   36%         5    ######.

Your spell library contained the following spells:

 Spells                   Type           Power        Failure   Level  Hunger
 Fireball                 Conj/Fire      #.........   100%        5    ######.
 Conjure Flame            Conj/Fire      #.......     82%         3    ###....
 Throw Flame              Conj/Fire      #.....       65%         2    ##.....
 Sticky Flame             Conj/Fire      #.......     98%         4    ####...
 Ice Form                 Ice/Tmut       ###.....     61%         4    ####...
 Flame Tongue             Conj/Fire      #....        56%         1    None
 Inner Flame              Hex/Fire       #.......     82%         3    ###....


Dungeon Overview and Level Annotations

Branches:
Dungeon (11/15)            Temple (1/1) D:4            Lair (0/6) D:10
    Orc: D:9-12

Altars:
Ashenzari
Cheibriados
Dithmenos
Elyvilon
Fedhas
Gozag
Hepliaklqana
Kikubaaqudgha
Makhleb
Okawaru
Qazlal
Ru
Sif Muna
Trog
Uskayaw
Vehumet
Wu Jian
Xom
Yredelemnul
Zin
The Shining One

Annotations:
D:7 Dowan


Innate Abilities, Weirdness & Mutations

You cannot wear most types of armour.
You are very stealthy in the water. (Stealth+)
You are amphibious.
You can wear up to eight rings at the same time.
You can use your tentacles to constrict eight enemies at once.
Your skin changes colour to match your surroundings (Stealth+).
Your rubbery body absorbs attacks. (AC +1, EV +1)


Message History

The killer bee poisons you! The killer bee misses you.
The wyvern skeleton bites you!
* * * LOW HITPOINT WARNING * * *
You closely miss the killer bee. Your grab misses the killer bee.
The killer bee is severely wounded.
You feel sick. The killer bee stings you.
* * * LOW HITPOINT WARNING * * *
The killer bee stings you!
* * * LOW HITPOINT WARNING * * *
The killer bee completely misses you.
You closely miss the killer bee. Your grab misses the killer bee.
You kill the killer bee!
* * * LOW HITPOINT WARNING * * *
You feel sick. The wyvern skeleton bites you!
* * * LOW HITPOINT WARNING * * *
The killer bee closely misses you.
Unknown command.
You barely miss the killer bee. You grab the killer bee.
You constrict the killer bee. The killer bee stings you.
You die...

..# #...≈♣≈≈≈P♣♣♣♣≈≈≈≈≈P≈.. #...
..#♣♣..≈≈≈≈≈≈P≈≈≈≈≈≈≈≈≈PP..# #...
..≈≈≈......................# #...
.♣≈)≈≈.≈≈≈≈≈≈≈≈≈≈P≈≈≈≈≈≈≈.####(.Y
≈)≈)≈≈.≈≈≈≈P≈≈≈≈≈P≈≈≈≈≈≈.... ....
≈≈)P≈≈.≈P≈≈≈≈≈♣♣P≈≈≈≈≈♣...#
)P≈≈P≈.≈≈≈♣♣♣♣.##≈♣≈♣≈....#
≈≈≈≈≈≈.≈P♣♣ ♣....y........# , ,
≈≈≈≈≈≈.≈≈♣ #...@Z........# ,
≈≈≈≈≈≈.≈≈♣♣ #..†##y.......#
♣P≈≈≈≈.≈≈P♣ ♣... #........#
♣≈≈≈≈≈.≈≈≈♣♣♣P.. #........#
♣♣≈≈≈≈.≈≈≈≈≈≈≈.. #...F......)
♣P≈P≈.≈≈≈≈≈≈♣..*#........... *
♣♣P≈≈.≈≈≈≈P≈♣♣. #...........
..≈≈≈P.≈≈≈≈P≈≈≈≈ #.........##
..#≈P≈.≈PP≈P≈≈≈ #.........# *


You could see a bullfrog, 2 killer bees and a wyvern skeleton.

Vanquished Creatures
  A gargoyle (D:11)
  A queen bee (D:9)
  A hornet (D:11)
  2 hippogriffs
  2 yaks (D:11)
  A steam dragon (D:9)
  A water moccasin (D:10)
  3 sky beasts
  2 black bears (D:9)
  3 ice beasts
  A necrophage (D:9)
  A phantom (D:8)
  5 ogres
  2 crocodiles
  8 bullfrogs
  A water moccasin skeleton (D:6)
  22 killer bees
  3 scorpions
  3 wights (D:10)
  4 electric eels (D:10)
  3 howler monkeys
  4 crimson imps
  A jelly (D:6)
  A quasit (D:6)
  4 hounds
  5 orc wizards
  A centaur skeleton (D:6)
  3 orc priests
  9 worker ants
  A hound zombie (D:7)
  Robin (D:3)
  A worker ant zombie (D:7)
  4 gnolls
  9 adders
  3 shadow imps
  2 oozes
  An adder skeleton (D:8)
  5 worms
  2 dart slugs
  6 leopard geckos
  17 orcs
  7 bats
  9 giant cockroaches
  16 goblins
  6 hobgoblins
  13 jackals
  7 quokkas
  A ball python (D:3)
  8 frilled lizards
  7 kobolds
  4 rats
228 creatures vanquished.

Vanquished Creatures (collateral kills)
  2 yaks (D:11)
  Duvessa (D:7)
  A sky beast (D:5)
  2 ogres (D:5)
  3 killer bees
  A crimson imp (D:6)
10 creatures vanquished.

Grand Total: 238 creatures vanquished

Notes
Turn   | Place    | Note
-------+----------+-------------------------------------------
     0 | D:1      | HANFGEIST the Octopode Transmuter began the quest for the Orb.
     0 | D:1      | Reached XP level 1. HP: 13/13 MP: 3/3
   107 | D:1      | Reached XP level 2. HP: 12/18 MP: 3/5
   447 | D:1      | Learned a level 2 spell: Sticks to Snakes
   805 | D:1      | Reached XP level 3. HP: 23/23 MP: 6/6
  1982 | D:2      | Reached skill level 1 in Stealth
  1982 | D:2      | Reached XP level 4. HP: 26/28 MP: 5/7
  1990 | D:2      | Learned a level 3 spell: Spider Form
  2946 | D:3      | Reached skill level 3 in Transmutations
  2946 | D:3      | Reached XP level 5. HP: 29/33 MP: 5/8
  2949 | D:3      | Reached skill level 1 in Poison Magic
  3220 | D:3      | Noticed Robin
  3226 | D:3      | Killed Robin
  3519 | D:3      | Found a faded altar of an unknown god.
  3588 | D:3      | Reached XP level 6. HP: 29/38 MP: 5/10
  3684 | D:3      | Found a white marble altar of Elyvilon.
  3753 | D:4      | Found a staircase to the Ecumenical Temple.
  3760 | Temple   | Entered the Ecumenical Temple
  4377 | D:4      | You fall through a shaft!
  4377 | D:5      | Entered Level 5 of the Dungeon
  4410 | D:5      | Reached skill level 4 in Transmutations
  4582 | D:5      | Found a bloodstained altar of Trog.
  4610 | D:5      | Reached XP level 7. HP: 29/43 MP: 11/11
  5003 | D:4      | Found an iron altar of Okawaru.
  5214 | D:5      | Got a pair of ichor-stained gloves
  5312 | D:5      | Found an ancient bone altar of Kikubaaqudgha.
  5701 | D:6      | Found a shattered altar of Ashenzari.
  5723 | D:6      | Became a worshipper of Ashenzari the Shackled
  5791 | D:6      | Reached skill level 5 in Unarmed Combat
  5791 | D:6      | Reached XP level 8. HP: 51/51 MP: 10/13
  6151 | D:6      | Reached skill level 5 in Transmutations
  6672 | D:6      | Reached skill level 5 in Dodging
  7252 | D:7      | Reached XP level 9. HP: 57/57 MP: 10/14
  7259 | D:7      | Learned a level 5 spell: Blade Hands
  7597 | D:7      | Noticed Duvessa
  7605 | D:7      | Noticed Dowan
  7626 | D:7      | Killed Duvessa
  7632 | D:7      | Reached skill level 5 in Poison Magic
  7942 | D:8      | Reached skill level 6 in Transmutations
  8332 | D:8      | Reached * piety under Ashenzari
  8902 | D:9      | Reached skill level 7 in Transmutations
  8902 | D:9      | Reached XP level 10. HP: 40/65 MP: 10/16
  9241 | D:9      | Found a hazy altar of Hepliaklqana.
  9856 | D:9      | Reached skill level 8 in Transmutations
  9876 | D:10     | Entered Level 10 of the Dungeon
 10675 | D:9      | Reached skill level 9 in Transmutations
 11520 | D:10     | Found a staircase to the Lair.
 11520 | D:10     | Noticed a death yak
 11520 | D:10     | Noticed a death yak
 11521 | D:10     | Noticed a death yak
 11593 | D:11     | Reached skill level 1 in Evocations
 11850 | D:11     | Reached skill level 10 in Transmutations
 11873 | D:11     | Noticed a gargoyle
 11881 | D:11     | Killed a gargoyle
 11881 | D:11     | Reached XP level 11. HP: 56/70 MP: 6/17
 12130 | D:11     | Noticed a two-headed ogre
 12137 | D:11     | Reached ** piety under Ashenzari
 12151 | D:10     | HP: 1/105 [wyvern skeleton (7)]
 12152 | D:10     | Slain by a killer bee

Vault maps used:
D:1:      dpeg_arrival_three_same_balls, minmay_lizard_pond
D:2:      minmay_wonky_spiral, serial_bayou_pond_c, feat_on_display
D:3:      chequers_ecumenical_altar_island, elyvilon_altar_1, uniq_robin
D:4:      okawaru_altar_gauntlet_db, temple_fountains, first_ration
D:5:      lemuel_round_altar, bloody_trog, serial_bayou_lake_a
D:6:      old_standard_altar
D:7:      lemuel_round_altar, uniq_duvessa
D:9:      kennysheep_mini_moat, palyth_stone_intersect
D:10:     dpeg_lair_monsters, david_orc_3, blue_anna_alchemist,
          serial_bayou_lagoon_b
Temple:   eino_temple_scatter_basement

Skill      XL: |  1  2  3  4  5  6  7  8  9 10 |
---------------+-------------------------------+-----
Stealth        | 1 2 |  2.1
Dodging        | 3 4 5 6 7 |  7.6
Transmutations | 3 4 5 7 10 | 10.2
Poison Magic   | 1 2 3 4 5 |  5.6
Unarmed Combat | 4 5 6 7 |  7.0
Spellcasting   | 3 4 |  4.6
Fighting       | 2 3 4 |  4.9
Evocations     | 1 |  1.6

Action                   |  1- 3 |  4- 6 |  7- 9 | 10-12 || total
-------------------------+-------+-------+-------+-------++-------
Melee: Unarmed           |    94 |   140 |   326 |   143 ||   703
       Constrict         |    28 |    10 |    13 |    14 ||    65
       Kick              |    20 |       |     6 |     1 ||    27
       Tentacles         |     6 |     7 |     9 |     8 ||    30
       Punch             |     2 |     2 |       |     5 ||     9
 Cast: Beastly Appendage |    30 |     8 |    10 |     2 ||    50
       Spider Form       |       |    14 |    32 |    10 ||    56
       Sticks to Snakes  |       |     5 |    20 |    33 ||    58
       Blade Hands       |       |       |     2 |    14 ||    16
Invok: Curse Item        |       |       |     2 |       ||     2
 Abil: End Transformatio |       |       |       |     1 ||     1
Evoke: Wand              |       |       |       |    14 ||    14
  Use: Potion            |       |     1 |       |     8 ||     9
 Stab: Sleeping          |     5 |     8 |     5 |     2 ||    20
       Distracted        |       |       |       |     1 ||     1
       Confused          |       |       |       |     2 ||     2
  Eat: Chunk             |     4 |    10 |    15 |    10 ||    39
       Ration            |       |       |     1 |     2 ||     3
Armor: Skin              |     4 |     5 |    10 |     1 ||    20
Dodge: Dodged            |    66 |   131 |   307 |   185 ||   689

Table legend:
 A = Spawn XP
 B = Non-spawn XP
 C = Spawn XP percentage of total XP
 D = Spawn monster count
 E = Non-spawn monster count
 F = Spawn count percentage of total count
 G = Total turns spent on level
                    A         B        C        D         E        F      G
               +---------+---------+-------+---------+---------+-------+---------
         Total |       0 |    9621 |   0.0 |       0 |     238 |   0.0 | 12152
               +---------+---------+-------+---------+---------+-------+---------
           D:1 |       0 |      44 |   0.0 |       0 |      28 |   0.0 |  1511
           D:2 |       0 |      80 |   0.0 |       0 |      23 |   0.0 |  1326
           D:3 |       0 |     213 |   0.0 |       0 |      23 |   0.0 |   888
           D:4 |       0 |     164 |   0.0 |       0 |      16 |   0.0 |   902
           D:5 |       0 |     587 |   0.0 |       0 |      27 |   0.0 |   901
           D:6 |       0 |    1009 |   0.0 |       0 |      18 |   0.0 |  1214
           D:7 |       0 |     844 |   0.0 |       0 |      18 |   0.0 |   750
           D:8 |       0 |     961 |   0.0 |       0 |      14 |   0.0 |  1013
           D:9 |       0 |    3090 |   0.0 |       0 |      43 |   0.0 |  2150
          D:10 |       0 |    1008 |   0.0 |       0 |      18 |   0.0 |   729
          D:11 |       0 |    1621 |   0.0 |       0 |      10 |   0.0 |   606
               +---------+---------+-------+---------+---------+-------+---------
